 Dungeon Crawl Stone Soup version 0.21-a0-229-g3587535 (webtiles) character file.

2629 4thArraOfDagon the Skirmisher (level 9, -4/69 HPs)
             Began as a Mummy Warper on Sept 1, 2017.
             Was a Priest of Nemelex Xobeh.
             Killed from afar by a raiju (8 damage)
             ... with a living lightning
             ... on level 1 of the Abyss.
             The game lasted 00:21:05 (6345 turns).

4thArraOfDagon the Skirmisher (Mummy Warper)        Turns: 6345, Time: 00:21:06

Health: -4/69      AC:  6    Str: 15    XL:     9   Next: 35%
Magic:  13/15      EV: 13    Int: 15    God:    Nemelex Xobeh [***...]
Gold:   462        SH:  0    Dex: 11    Spells: 7/16 levels left

rFire    x . .     SeeInvis .   u - +2 dagger (elec)
rCold    + . .     Gourm    .   (no shield)
rNeg     + + +     Faith    .   b - +0 leather armour
rPois    ∞         Spirit   .   r - +2 helmet
rElec    .         Reflect  .   v - -2 cloak
rCorr    +         Harm     .   (no gloves)
MR       +....                  (no boots)
Stlth    +.........             (no amulet)
HPRegen  0.21/turn              i - ring of resist corrosion
MPRegen  0.14/turn              (no ring)

@: wreathed by umbra
A: no food or potions, fire vulnerability, cold resistance 1, negative energy
resistance 3, torment resistance, unbreathing
a: Triple Draw, Renounce Religion


You were on level 1 of the Abyss.
You worshipped Nemelex Xobeh.
Nemelex Xobeh was most pleased with you.
You were not hungry.

You visited 1 branch of the dungeon, and saw 10 of its levels.
You visited the Abyss 1 time.

You collected 462 gold pieces.

Inventory:

Hand Weapons
 a - a +0 mace
 l - a +0 halberd of protection
 n - a +2 dagger of venom
 q - a +2 dagger of flaming
 u - a +2 dagger of electrocution (weapon)
 w - a +0 long sword of protection
 C - a +3 halberd
 D - a +6 battleaxe
Missiles
 d - 7 javelins (quivered)
 e - 4 tomahawks of dispersal
 t - 4 tomahawks
Armour
 b - a +0 leather armour (worn)
 g - a +0 helmet
 j - a +0 scale mail
 k - a cursed +0 ring mail
 r - a +2 helmet (worn)
 v - a -2 cloak (worn)
 y - the +2 leather armour "Jecaeg" {-Tele rElec rN+ Slay+3}
   (You found it on level 6 of the Dungeon)

   It affects your accuracy and damage with ranged weapons and melee attacks
   (+3).
   It insulates you from electricity.
   It protects you from negative energy.
   It prevents most forms of teleportation.
Jewellery
 i - a ring of resist corrosion (left hand)
Wands
 f - a wand of polymorph (10/24)
 o - a wand of random effects (0/48)
 p - a wand of paralysis (0/24)
 E - a wand of confusion (43/48)
 F - a wand of lightning (7/15)
Scrolls
 h - 7 scrolls of remove curse
 m - 2 scrolls of amnesia
 s - a scroll of enchant armour
 x - a scroll of noise
 z - a scroll of immolation
 B - a scroll of fear
Books
 c - a book of Spatial Translocations

   Spells                             Type                      Level
   a - Blink                          Translocation                2
   b - Shroud of Golubria             Charms/Translocation         2
   c - Lesser Beckoning               Translocation                3
   d - Gell's Gravitas                Translocation                3
   e - Teleport Other                 Translocation                3
   f - Passage of Golubria            Translocation                4
Miscellaneous
 G - an ornate deck of destruction
 H - a plain deck of summoning {drawn: 5}


   Skills:
 + Level 5.9 Fighting
 * Level 2.2(3.2) Axes
 - Level 3.4(3.8) Maces & Flails
 - Level 0.7 Throwing
 + Level 4.8 Armour
 - Level 5.0 Dodging
 + Level 4.2 Spellcasting
 - Level 2.4 Translocations
 + Level 5.0 Invocations


You had 7 spell levels left.
You knew the following spells:

 Your Spells              Type           Power        Failure   Level  Hunger
a - Blink                 Tloc           N/A          12%         2    N/A
b - Passage of Golubria   Tloc           N/A          61%         4    N/A
c - Lesser Beckoning      Tloc           ##........   24%         3    N/A

Dungeon Overview and Level Annotations

Branches:
Dungeon (10/15)            Temple (0/1) D:4
   Lair: D:8-11         Orc: D:9-12

Altars:
Ashenzari
Dithmenos
Elyvilon
Gozag
Hepliaklqana
Makhleb
Nemelex Xobeh
Qazlal
The Shining One

Annotations:
D:10 Josephine


Innate Abilities, Weirdness & Mutations

You do not eat or drink.
Your flesh is vulnerable to fire.
You are immune to poison.
Your flesh is cold resistant. (rC+)
You are immune to negative energy. (rN+++)
You are immune to unholy pain and torment.
You can survive without breathing.


Message History

Your centaur misses the raiju.
The starcursed mass shrieks in your mind.
A profane servitor comes into view. It is wielding an enchanted whip.
Unknown command.
Your insubstantial wisp hits the raiju.
Your centaur hits the raiju.
The raiju bites your insubstantial wisp.
The raiju shocks your insubstantial wisp.
Your insubstantial wisp completely resists.
Unknown command.
Unknown command.
Your centaur barely misses the raiju.
Your insubstantial wisp misses the raiju.
The raiju bursts into living lightning!
The living lightning hits your insubstantial wisp.
Your insubstantial wisp completely resists.
The living lightning hits you!
* * * LOW HITPOINT WARNING * * *
The living lightning hits you!
You die...
Your body glows slightly and disappears.

.. #. # ... .#..
#.##....# .
..... #..# .#
... .###
.....#.#.# #
.#..##..#..#X#.#
.. ###
....#A####
##.#..#
..#.#hc(# #
.#...##.....#v@#
.. . # ## # ####
. .


You could see a profane servitor, a starcursed mass, a raiju, a friendly
centaur, a friendly insubstantial wisp and a friendly quarterstaff of venom.

Vanquished Creatures
  Pikel (D:5)
  A spriggan (D:7)
  Eustachio (D:4)
  Menkaure (D:7)
  Blork the orc (D:5)
  3 bullfrogs
  2 scorpions
  3 killer bees (D:8)
  4 wights (D:7)
  A bullfrog zombie (D:5)
  3 crimson imps
  A jelly (D:8)
  2 hounds
  5 orc priests
  4 orc wizards
  A gnoll shaman (D:5)
  Jessica (D:3)
  4 worker ants
  A killer bee zombie (D:9)
  Robin (D:2)
  9 gnolls
  9 adders
  2 shadow imps
  An ufetubus (Abyss:1)
  An adder skeleton (D:8)
  An adder zombie (D:9)
  3 worms
  3 dart slugs
  2 leopard geckos
  20 orcs
  3 giant cockroaches
  10 hobgoblins
  5 jackals (D:7)
  A kobold (D:2)
  3 quokkas
  A ball python (D:1)
  2 bats
  3 frilled lizards
  13 goblins
  4 rats
137 creatures vanquished.

Vanquished Creatures (collateral kills)
  An ogre (D:4)
  3 killer bees (D:8)
4 creatures vanquished.

Vanquished Creatures (others)
  A slave (D:5)
  An ogre (D:5)
  A crimson imp (D:5)
  A jelly (D:5)
  An iguana (D:5)
  A worker ant (D:5)
  An orc wizard (D:8)
  A gnoll (D:5)
  A ball python (D:5)
  A jackal zombie (D:5)
10 creatures vanquished.

Grand Total: 151 creatures vanquished

Notes
Turn   | Place    | Note
-------+----------+-------------------------------------------
     0 | D:1      | 4thArraOfDagon the Mummy Warper began the quest for the Orb.
     0 | D:1      | Reached XP level 1. HP: 16/16 MP: 4/4
    24 | D:1      | You fall through a shaft!
    76 | D:3      | Noticed an orc priest
   100 | D:2      | Noticed Sigmund
   213 | D:1      | Reached skill level 1 in Armour
   226 | D:2      | Noticed Robin
   250 | D:1      | Reached XP level 2. HP: 9/22 MP: 5/5
   482 | D:1      | Learned a level 2 spell: Blink
   686 | D:3      | Reached XP level 3. HP: 18/27 MP: 7/7
   815 | D:3      | Noticed Jessica
   822 | D:3      | Killed Jessica
   911 | D:3      | Reached XP level 4. HP: 33/33 MP: 8/8
   936 | D:3      | Learned a level 4 spell: Passage of Golubria
  1021 | D:4      | Found a hazy altar of Hepliaklqana.
  1021 | D:4      | Found a sparkling altar of Nemelex Xobeh.
  1039 | D:4      | HMMMMM
  1039 | D:4      | Became a worshipper of Nemelex Xobeh the Trickster
  1103 | D:4      | Received a gift from Nemelex Xobeh
  1172 | D:4      | Found a shattered altar of Ashenzari.
  1238 | D:4      | Reached XP level 5. HP: 31/38 MP: 9/9
  1292 | D:4      | Found a staircase to the Ecumenical Temple.
  1292 | D:4      | Noticed Eustachio
  1433 | D:2      | Reached skill level 1 in Invocations
  1441 | D:2      | Killed Robin
  1872 | D:2      | Noticed Sigmund
  1872 | D:2      | Sigmund changed into Sigmund the goblin
  1875 | D:2      | Killed Sigmund the goblin
  2596 | D:4      | Noticed an ogre
  2621 | D:4      | Killed an ogre
  2621 | D:4      | Reached XP level 6. HP: 20/46 MP: 10/10
  2816 | D:4      | Reached * piety under Nemelex Xobeh
  2827 | D:4      | Killed Eustachio
  2887 | D:4      | Reached XP level 7. HP: 35/52 MP: 11/11
  2966 | D:4      | Paralysed by a gnoll for 7 turns
  3116 | D:5      | Entered Level 5 of the Dungeon
  3139 | D:5      | Noticed Pikel
  3164 | D:5      | Killed Pikel
  3164 | D:5      | Reached XP level 8. HP: 47/61 MP: 12/12
  3224 | D:5      | Found a burning altar of Makhleb.
  3227 | D:5      | Found an opulent altar of Gozag.
  3235 | D:5      | Found a shadowy altar of Dithmenos.
  3257 | D:5      | Found a stormy altar of Qazlal.
  3260 | D:5      | Noticed an air elemental
  3268 | D:5      | Noticed Blork the orc
  3296 | D:5      | Killed Blork the orc
  3515 | D:5      | Received a gift from Nemelex Xobeh
  3664 | D:5      | Reached skill level 5 in Fighting
  3866 | D:6      | Got a polished leather armour
  3906 | D:5      | Identified the +2 leather armour "Jecaeg" {-Tele rElec rN+ Slay+3} (You found it on level 6 of the Dungeon)
  4067 | D:6      | Learned a level 3 spell: Lesser Beckoning
  4373 | D:7      | Noticed Menkaure
  4393 | D:7      | Killed Menkaure
  4412 | D:7      | Reached ** piety under Nemelex Xobeh
  4433 | D:7      | Reached skill level 5 in Dodging
  4465 | D:7      | Found a white marble altar of Elyvilon.
  4466 | D:7      | Found a glowing golden altar of the Shining One.
  4708 | D:7      | Reached XP level 9. HP: 55/68 MP: 14/14
  5066 | D:7      | Reached skill level 1 in Axes
  5611 | D:8      | Reached skill level 5 in Invocations
  5714 | D:9      | Received a gift from Nemelex Xobeh
  5786 | D:9      | You fall through a shaft!
  5786 | D:10     | Entered Level 10 of the Dungeon
  5802 | D:10     | Noticed Josephine
  5824 | D:10     | Cast into level 1 of the Abyss (drawing a card)
  5861 | Abyss:1  | Noticed an ancient zyme
  5867 | Abyss:1  | Reached *** piety under Nemelex Xobeh
  5893 | Abyss:1  | Noticed a large abomination
  5898 | Abyss:1  | Noticed a starcursed mass
  5900 | Abyss:1  | Received a gift from Nemelex Xobeh
  5996 | Abyss:1  | Noticed an ice devil
  6008 | Abyss:1  | Noticed a worldbinder
  6009 | Abyss:1  | Noticed a yaktaur
  6015 | Abyss:1  | Noticed a starcursed mass
  6015 | Abyss:1  | Noticed an ironheart preserver
  6015 | Abyss:1  | Noticed an ironheart preserver
  6020 | Abyss:1  | Noticed an ironheart preserver
  6020 | Abyss:1  | Noticed a yaktaur
  6025 | Abyss:1  | Noticed an ironheart preserver
  6287 | Abyss:1  | Noticed a starcursed mass
  6287 | Abyss:1  | Noticed a starcursed mass
  6287 | Abyss:1  | Found a corrupted altar of Lugonu.
  6304 | Abyss:1  | Received a gift from Nemelex Xobeh
  6344 | Abyss:1  | Noticed a profane servitor
  6345 | Abyss:1  | Killed from afar by a raiju

Vault maps used:
D:1:      dpeg_arrival_shelter
D:2:      first_bread, corexii_shack, kennysheep_generic_room_9, uniq_robin,
          uniq_sigmund
D:3:      uniq_jessica
D:4:      lemuel_crystal_altar, lemuel_doored_altar,
          nemelex_xobeh_ov_fountains_minmay, temple_statues,
          kennysheep_generic_room_14, uniq_eustachio
D:5:      nicolae_qazlal_style_of_elements, grunt_temple_overflow_diamond,
          minmay_misc_feat_tower, uniq_pikel, uniq_blork_the_orc
D:6:      nicolae_overflow_crystal_walls, serial_shops, kennysheep_mini,
          uniq_prince_ribbit1
D:7:      grunt_temple_overflow_open, grunt_decor_mini_mirrors, the_bakery,
          uniq_menkaure
D:8:      lemuel_blue_sif_altar, minmay_misc_feat_enclosed, corexii_checkpoint_b
D:9:      marbit_many_paths, hangedman_ru_absence, david_orc_5,
          minmay_variable_closet
D:10:     dpeg_oklobed_lair, kennysheep_small_circle, uniq_josephine

Skill      XL: |  1  2  3  4  5  6  7  8  9 |
---------------+----------------------------+-----
Armour         | 1 2 3 4 |  4.8
Maces & Flails | 2 3 |  3.4
Dodging        | 2 3 4 5 |  5.0
Invocations    | 1 2 3 4 5 |  5.0
Fighting       | 3 4 5 |  5.9
Spellcasting   | 3 4 |  4.2
Axes           | 2 |  2.2
Throwing       | |  0.7
Translocations | |  2.4

Action                   |  1- 3 |  4- 6 |  7- 9 || total
-------------------------+-------+-------+-------++-------
Melee: Mace              |    61 |       |       ||    61
       Dagger            |     6 |   164 |   334 ||   504
       Battleaxe         |       |       |     6 ||     6
Throw: Tomahawk          |     1 |       |       ||     1
       Javelin           |     4 |     4 |     4 ||    12
Invok: Triple Draw       |       |       |     2 ||     2
Evoke: Deck              |       |    13 |     9 ||    22
       Wand              |       |     4 |     4 ||     8
  Use: Scroll            |     4 |     2 |    16 ||    22
Armor: Leather armour    |    10 |       |    50 ||    60
       Scale mail        |    24 |    45 |    71 ||   140
Dodge: Dodged            |    37 |    69 |   192 ||   298

Table legend:
 A = Spawn XP
 B = Non-spawn XP
 C = Spawn XP percentage of total XP
 D = Spawn monster count
 E = Non-spawn monster count
 F = Spawn count percentage of total count
 G = Total turns spent on level
                    A         B        C        D         E        F      G
               +---------+---------+-------+---------+---------+-------+---------
         Total |     524 |    3233 |  13.9 |      29 |     112 |  20.6 |  6345
               +---------+---------+-------+---------+---------+-------+---------
           D:1 |       0 |      27 |   0.0 |       0 |      13 |   0.0 |   713
           D:2 |      18 |      70 |  20.5 |       4 |      22 |  15.4 |  1046
           D:3 |      11 |     124 |   8.1 |       4 |      13 |  23.5 |   527
           D:4 |     133 |     481 |  21.7 |       6 |      16 |  27.3 |   830
           D:5 |     105 |    1109 |   8.6 |       6 |      16 |  27.3 |  1039
           D:6 |       0 |     232 |   0.0 |       0 |       5 |   0.0 |   197
           D:7 |     249 |     654 |  27.6 |       8 |      10 |  44.4 |   893
           D:8 |       0 |     500 |   0.0 |       0 |      14 |   0.0 |   388
           D:9 |       0 |      36 |   0.0 |       0 |       3 |   0.0 |   153
       Abyss:1 |       8 |       0 | 100.0 |       1 |       0 | 100.0 |   521
               +---------+---------+-------+---------+---------+-------+---------
